 Dungeon Crawl Stone Soup version 0.17-a0-1910-g4c791fa (webtiles) character file.

76 derrpe the Bolt Thrower (level 4, -8/37 HPs)
             Began as a Formicid Hunter on Sept 25, 2015.
             Killed from afar by an orc wizard (11 damage)
             ... with a magic dart
             ... on level 3 of the Dungeon.
             The game lasted 00:04:44 (2987 turns).

derrpe the Bolt Thrower (Formicid Hunter)           Turns: 2987, Time: 00:04:46

Health: -8/37      AC:  4    Str: 16    XL:     4   Next: 57%
Magic:  4/4        EV: 11    Int: 12    God:
Gold:   159        SH:  0    Dex: 11    Spells: 0 memorised, 3 levels left

rFire  + . .     SeeInvis +     b - +0 broad axe
rCold  + . .     Clarity  .     d - +0 leather armour
rNeg   . . .     SustAt   .     (no shield)
rPois  +         Gourm    .     (helmet unavailable)
rElec  +         Spirit   .     (no cloak)
rCorr  +         Warding  .     (no gloves)
rMut   .         Stasis   +     p - +0 pair of boots
MR     .....                    (no amulet)
Stlth  +.........               (no ring)
                                (no ring)

@: confused, resistant, invisible, not resistant to hostile enchantments, very
unstealthy
A: permanent stasis, dig shafts and tunnels, four strong arms, antennae 3
a: Dig, Shaft Self


You were on level 3 of the Dungeon.
You were hungry.

You visited 1 branch of the dungeon, and saw 3 of its levels.

You collected 159 gold pieces.

Inventory:

Hand weapons
 a - a +1 hand crossbow
 b - a +0 broad axe (weapon)
Missiles
 c - 41 bolts
Armour
 d - a +0 leather armour (worn)
 o - a +0 plate armour
 p - a +0 pair of boots (worn)
 t - a cursed +0 ring mail
Scrolls
 f - a scroll of magic mapping {unknown}
 g - a scroll of remove curse {unknown}
 i - 6 scrolls of identify {unknown}
 j - 3 scrolls of amnesia {unknown}
 k - a scroll of enchant armour {unknown}
 l - 2 scrolls of blinking {unknown}
 m - a scroll of teleportation {unknown}
Potions
 q - a potion of poison
 s - a potion of curing {unknown}
 u - a potion of magic {unknown}
Comestibles
 e - 2 bread rations {@e1}
 r - 3 chunks of flesh {@w0}


   Skills:
 + Level 3.8 Fighting
 + Level 4.8 Crossbows
 - Level 1.7 Dodging
 - Level 1.2 Stealth


You had 3 spell levels left.
You didn't know any spells.

Dungeon Overview and Level Annotations

Branches:
Dungeon (3/15)

Altars:
Kikubaaqudgha
Zin


Innate Abilities, Weirdness & Mutations

You are under a permanent stasis effect.
You can dig through walls and to a lower floor.
Your four strong arms can wield two-handed weapons with a shield.
You have a pair of large antennae on your head (SInv).


Message History

The orc wizard seems to speed up.
Unknown command.
Drink which item? (? for menu, Esc to quit)
Okay, then.
Unknown command.
Unknown command.
Drink which item? (? for menu, Esc to quit)
It was a potion of poison.
You feel slightly nauseous. The orc wizard misses you.
The orc wizard points at you and mumbles some strange words.
You are confused.
Unknown command.
Drink which item? (? for menu, Esc to quit)
It was a potion of invisibility.
You fade into invisibility!
The orc wizard hits you with a dagger.
* * * LOW HITPOINT WARNING * * *
The orc wizard points at you and mumbles some strange words.
The magic dart hits you!
You die...

##### .# #...# .# #
#...# .#.# # ...##.#.
.## ...... .?..
#####.# .#...##
#.....##.......
#.####@o)...#
#######.###..o.(.....
#........##.......###
#........+........#
#........###......#
#........# #......#
#........# #......#
#........# #......#
#........#


You could see 2 orc wizards.

Vanquished Creatures
  An adder (D:2)
  2 oozes
  4 worms
  A giant gecko (D:3)
  An orc (D:3)
  5 bats
  5 goblins
  5 hobgoblins
  6 jackals (D:2)
  4 kobolds
  2 quokkas (D:3)
  3 giant cockroaches
  3 giant newts
  5 rats
47 creatures vanquished.

Notes
Turn   | Place    | Note
--------------------------------------------------------------
     0 | D:1      | derrpe the Formicid Hunter began the quest for the Orb.
     0 | D:1      | Reached XP level 1. HP: 16/16 MP: 1/1
   351 | D:1      | Reached XP level 2. HP: 13/23 MP: 2/2
  1189 | D:2      | Reached XP level 3. HP: 19/28 MP: 3/3
  2156 | D:2      | Reached XP level 4. HP: 34/36 MP: 4/4
  2547 | D:3      | Found an ancient bone altar of Kikubaaqudgha.
  2648 | D:3      | Found a glowing silver altar of Zin.
  2987 | D:3      | Killed from afar by an orc wizard

Vault maps used:
D:1:      minmay_arrival_pointy
D:3:      kiku_gazebo_pond_becter, old_standard_altar,
          nicolae_overflow_hidden_temple

Action                   |  1- 3 |  4- 6 || total
-------------------------+-------+-------++-------
Melee: Hand axe          |     9 |       ||     9
       Short sword       |    47 |       ||    47
       Broad axe         |    26 |    40 ||    66
 Fire: Hand crossbow     |    20 |     8 ||    28
  Use: Potion            |       |     3 ||     3
 Stab: Sleeping          |     1 |       ||     1
  Eat: Chunk             |     4 |     2 ||     6
